 Dungeon Crawl Stone Soup version 0.30-a0-149-g7f746667c4 (webtiles) character file.

Game seed: 17199720312011973041

17621 WillowTheWall the Covert (level 12, -5/54 HPs)
             Began as a Spriggan Conjurer on Sept 23, 2022.
             Was a Priest of Vehumet.
             Slain by a slime creature (11 damage)
             ... on level 12 of the Dungeon on Sept 26, 2022.
             The game lasted 02:25:21 (18453 turns).

WillowTheWall the Covert (Spriggan Conjurer)       Turns: 18453, Time: 02:25:21

Health: -5/54      AC:  8    Str:  5    XL:     12   Next: 20%
Magic:  3/28       EV: 21    Int: 30    God:    Vehumet [***...]
Gold:   934        SH:  0    Dex: 10    Spells: 4/33 levels left

rFire   + . .      SeeInvis +    B - +2 hammer "Dionk" {holy, rN+ Int+9 Dex-5}
rCold   . . .      Faith    .    (no shield)
rNeg    + . .      Spirit   .    H - +0 steam dragon scales
rPois   .          Reflect  .    v - +2 hat
rElec   .          Harm     .    f - +0 cloak
rCorr   .          Rampage  .    (gloves unavailable)
Will    ++...                    (boots unavailable)
Stlth   +++++.....               D - amulet of magic regeneration
HPRegen 0.18/turn                i - ring of flight
MPRegen 0.61/turn                c - ring of protection from fire

@: flying, very quick
A: very small, no large weapons, unfitting armour, see invisible, speed 3
a: Renounce Religion


You were on level 12 of the Dungeon.
You worshipped Vehumet.
Vehumet was most pleased with you.
You visited 2 branches of the dungeon, and saw 13 of its levels.

You collected 934 gold pieces.

Inventory:

Hand Weapons
 s - a +0 dagger of speed
 B - the +2 hammer "Dionk" (weapon) {holy, rN+ Int+9 Dex-5}
   (You found it on level 5 of the Dungeon)

   It has been blessed by the Shining One to cause great damage to the undead
   and demons.
   Int:       It affects your intelligence (+9).
   Dex:       It affects your dexterity (-5).
   rN:        It protects you from negative energy.
 F - a +2 dagger of venom
 M - a +2 dagger of distortion
 O - a +0 vampiric short sword
Missiles
 h - 26 poisoned darts
 n - 3 boomerangs
Armour
 a - a +0 robe
 f - a +0 cloak (worn)
 v - a +2 hat (worn)
 H - +0 steam dragon scales (worn)
Jewellery
 c - a ring of protection from fire (right hand)
 i - a ring of flight (left hand)
 D - an amulet of magic regeneration (around neck)
 K - a ring of ice
Wands
 E - a wand of mindburst (6)
 Q - a wand of paralysis (4)
 R - a wand of digging (5)
Scrolls
 g - a scroll of magic mapping
 j - 2 scrolls of blinking {unknown}
 l - 2 scrolls of teleportation
 q - a scroll of vulnerability {unknown}
 t - 2 scrolls of poison {unknown}
 u - 2 scrolls of fog
 x - 2 scrolls of amnesia {unknown}
 y - 4 scrolls of noise
 z - a scroll of fear
 C - a scroll of enchant weapon {unknown}
 J - a scroll of immolation {unknown}
 L - 5 scrolls of identify
 P - a scroll of enchant armour {unknown}
Potions
 b - 2 potions of degeneration {unknown}
 d - 4 potions of brilliance
 e - 3 potions of mutation
 k - 3 potions of attraction
 m - 3 potions of invisibility
 o - 3 potions of lignification {unknown}
 p - 3 potions of might
 r - 4 potions of haste {unknown}
 w - 2 potions of cancellation
 A - a potion of resistance {unknown}
 G - 4 potions of heal wounds {unknown}
 I - a potion of berserk rage {unknown}
 N - a potion of curing {unknown}


   Skills:
 + Level 2.0 Fighting
 + Level 12.0 Dodging
 + Level 14.0 Stealth
 + Level 11.1 Spellcasting
 * Level 10.4 Conjurations


You had 4 spell levels left.
You knew the following spells:

 Your Spells              Type           Power      Damage    Failure   Level
a - Magic Dart            Conj           100%       1d8       1%          1
b - Searing Ray           Conj           100%       2d8       1%          2
c - Sting                 Tmut/Pois      64%        1d6       3%          1
d - Poisonous Vapours     Pois/Air       32%        N/A       1%          2
e - Iskenderun's Mystic   Conj/Tloc      47%        2d10      1%          4
f - Mephitic Cloud        Conj/Pois/Air  37%        N/A       1%          3
g - Fulminant Prism       Conj/Hex       23%        3d13      1%          4
h - Shock                 Conj/Air       100%       1d9       1%          1
i - Olgreb's Toxic Radia  Pois           16%        N/A       9%          4
j - Flame Wave            Conj/Fire      47%        2d12      1%          4
k - Kindle Blastsparks    Fire/Tloc/Air  32%        2d12      2%          3

Your spell library contained the following spells:

 Spells                   Type           Power      Damage    Failure   Level
 Scorch                   Fire           32%        2d6       1%          2
 Dazzling Flash           Conj/Hex       94%        N/A       1%          3
 Summon Small Mammal      Summ           64%        N/A       3%          1
 Call Imp                 Summ           16%        N/A       4%          2
 Call Canine Familiar     Summ           16%        N/A       10%         3
 Summon Guardian Golem    Hex/Summ       16%        N/A       10%         3
 Summon Cactus Giant      Summ           8%         N/A       99%         6


Dungeon Overview and Level Annotations

Branches:
Dungeon (12/15)            Temple (1/1) D:6            Lair (0/5) D:10
    Orc (0/2) D:11

Altars:
Ashenzari
Cheibriados
Dithmenos
Elyvilon
Fedhas
Gozag
Hepliaklqana
Kikubaaqudgha
Makhleb
Nemelex Xobeh
Okawaru
Qazlal
Ru
Sif Muna
Trog
Uskayaw
Vehumet
Wu Jian
Xom
Yredelemnul
Zin
The Shining One

Shops:
D:10 ?   D:11 [(

Annotations:
D:3 Sigmund
D:4 Grinder, Natasha
D:5 1 runed translucent door, Crazy Yiuf


Innate Abilities, Weirdness & Mutations

You are very small and have problems with some larger weapons.
You are too small for most types of armour.
You have supernaturally acute eyesight. (SInv)
You cover ground extremely quickly. (Speed+++)


Message History

The slime creature misses you.
A wave of flame ripples out!
The flame wave engulfs the slime creature!
The slime creature is almost dead.
The flame wave engulfs the slime creature!!
The slime creature is severely wounded.
The flame wave engulfs the slime creature!
The slime creature is severely wounded.
The flame wave engulfs the slime creature!!
The slime creature is moderately wounded.
You finish channelling waves of flame.
A slime creature comes into view.
The slime creature hits you! The slime creature barely misses you.
Casting: Flame Wave (dangerous; 1% risk of failure)
Confirm with . or Enter, or press ? or * to list all spells.
A cloud of volatile blastsparks flares up around you!
The slime creature hits you but does no damage.
Two slime creatures merge to form a large slime creature.
The cloud of blastsparks explodes!
The concussive blast engulfs the large slime creature!!
The large slime creature is almost dead.
The concussive blast engulfs the slime creature!
The slime creature is almost dead.
The concussive blast engulfs you but does no damage.
Casting: Kindle Blastsparks (dangerous; 2% risk of failure)
Confirm with . or Enter, or press ? or * to list all spells.
Okay, then.
You hit the large slime creature.
The large slime creature is almost dead.
The slime creature closely misses you. The slime creature hits you!
A large slime creature splits.
You barely miss the slime creature.
The slime creature is almost dead.
The slime creature hits you! The slime creature barely misses you.
The slime creature hits you!
* * * LOW HITPOINT WARNING * * *
The slime creature completely misses you.
The slime creature misses you. The slime creature barely misses you.
The slime creature hits you!
You die...

............#.....#.....#........
###'######'## #.....######...
#... ..# +..........#... #.. .#
#..........#### # #..........# #
#..........# # #..........# #
########..........# #
#...J@..........###
#...JJJ.........#
+...............#
#...)J..........#
#...............#
......###+#######.. ......
....... .......


You could see 5 slime creatures.

Vanquished Creatures
  3 two-headed ogres
  A death yak (D:11)
  Urug (D:11)
  An oklob plant (D:10)
  An ugly thing (D:12)
  8 centaur zombies (D:10)
  2 cyclopes
  3 unseen horrors
  2 unseen horror zombies (D:10)
  A komodo dragon (D:11)
  3 trolls
  A hornet (D:11)
  A vampire (D:10)
  A shadow (D:10)
  2 wraiths
  15 yaks
  2 steam dragons
  4 vampire mosquitoes (D:11)
  2 water moccasins (D:8)
  4 ice beasts
  5 orc warriors (D:11)
  An ogre (D:4)
  8 centaurs
  2 phantoms
  3 kobold brigands
  2 bullfrogs (D:9)
  3 necrophages
  5 scorpions
  2 gnoll sergeants
  13 wights
  5 howler monkeys
  6 hounds
  8 orc priests
  4 gnoll boudas
  A jelly (D:6)
  An iguana (D:5)
  11 orc wizards
  A howler monkey zombie (D:10)
  28 gnolls
  6 adders
  3 shadow imps
  2 ufetubi
  29 orcs
  3 endoplasms
  6 giant cockroaches
  5 goblins
  8 hobgoblins
  6 jackals (D:1)
  A quokka (D:2)
  5 ball pythons
  5 bats
  3 frilled lizards
  14 kobolds
  3 rats
266 creatures vanquished.

Vanquished Creatures (others)
  96 fulminant prisms
  27 fungi (D:7)
  13 plants
  12 withered plants
148 creatures vanquished.

Grand Total: 414 creatures vanquished

Notes
Turn   | Place    | Note
-------+----------+-------------------------------------------
     0 | D:1      | WillowTheWall the Spriggan Conjurer began the quest for the
                  | Orb.
     0 | D:1      | Reached XP level 1. HP: 9/9 MP: 5/5
   335 | D:1      | Reached XP level 2. HP: 13/13 MP: 0/6
   684 | D:1      | Found a faded altar of an unknown god.
  1573 | D:2      | Reached XP level 3. HP: 16/16 MP: 4/8
  1576 | D:2      | Learned a level 2 spell: Searing Ray
  2060 | D:2      | Found a blossoming altar of Fedhas.
  2162 | D:2      | Reached skill level 4 in Stealth
  2162 | D:2      | Reached XP level 4. HP: 21/21 MP: 0/10
  3378 | D:3      | Learned a level 1 spell: Sting
  3512 | D:3      | Found a burning altar of Makhleb.
  3613 | D:3      | Reached XP level 5. HP: 24/24 MP: 7/11
  4045 | D:3      | Noticed Sigmund
  4123 | D:4      | Noticed an ogre
  4318 | D:4      | Reached skill level 5 in Stealth
  4318 | D:4      | Reached XP level 6. HP: 28/28 MP: 3/13
  4409 | D:4      | Noticed Grinder
  4556 | D:4      | Found a sacrificial altar of Ru.
  4657 | D:5      | Entered Level 5 of the Dungeon
  4799 | D:4      | Found an iron altar of Okawaru.
  4839 | D:4      | Noticed Natasha
  4971 | D:4      | Reached skill level 5 in Dodging
  4971 | D:4      | Reached skill level 6 in Stealth
  4971 | D:4      | Reached XP level 7. HP: 32/32 MP: 7/15
  5493 | D:5      | Reached skill level 5 in Spellcasting
  5711 | D:5      | Reached skill level 5 in Conjurations
  6166 | D:5      | Reached skill level 7 in Stealth
  6254 | D:5      | Identified the +2 hammer "Dionk" {holy, rN+ Int+9 Dex-5}
  6259 | D:5      | Found a runed translucent door.
  6260 | D:5      | Noticed Crazy Yiuf
  6302 | D:5      | Reached XP level 8. HP: 36/36 MP: 9/17
  7112 | D:6      | Found a staircase to the Ecumenical Temple.
  7132 | Temple   | Entered the Ecumenical Temple
  7132 | Temple   | Found a transporter.
  7132 | Temple   | Found a transporter.
  7155 | Temple   | Found a transporter.
  7155 | Temple   | Found a transporter.
  7283 | Temple   | Became a worshipper of Vehumet
  7587 | Temple   | Upgraded the game from 0.30-a0-137-gd8773701ce to
                  | 0.30-a0-149-g7f746667c4
  7854 | D:6      | Reached skill level 8 in Stealth
  8349 | D:6      | Learned a level 2 spell: Poisonous Vapours
  8354 | D:6      | Learned a level 4 spell: Iskenderun's Mystic Blast
  8358 | D:6      | Learned a level 3 spell: Mephitic Cloud
  8363 | D:6      | Learned a level 4 spell: Fulminant Prism
  9138 | D:7      | Found an opulent altar of Gozag.
  9153 | D:7      | Reached XP level 9. HP: 36/39 MP: 2/20
  9448 | D:7      | Found a shimmering blue altar of Sif Muna.
  9625 | D:7      | Reached skill level 9 in Stealth
  9778 | D:7      | Reached * piety under Vehumet
  9778 | D:7      | Offered knowledge of Shock by Vehumet.
 10482 | D:8      | Noticed a two-headed ogre
 11291 | D:8      | Found a shimmering altar of Xom.
 11292 | D:8      | Found a glowing golden altar of the Shining One.
 11560 | D:8      | Reached skill level 10 in Stealth
 12153 | D:8      | Learned a level 1 spell: Shock
 12188 | D:8      | Killed a two-headed ogre
 12189 | D:8      | Reached XP level 10. HP: 44/44 MP: 14/23
 12319 | D:8      | Found a stormy altar of Qazlal.
 12536 | D:8      | Found an ancient bone altar of Kikubaaqudgha.
 12539 | D:8      | Found a snail-covered altar of Cheibriados.
 12747 | D:9      | Found a white marble altar of Elyvilon.
 12962 | D:9      | Reached skill level 11 in Stealth
 12968 | D:9      | Offered knowledge of Sandblast by Vehumet.
 13129 | D:9      | Noticed a two-headed ogre
 13203 | D:9      | Killed a two-headed ogre
 13593 | D:9      | Reached ** piety under Vehumet
 13763 | D:10     | Entered Level 10 of the Dungeon
 14232 | D:10     | Found a staircase to the Lair.
 14237 | D:10     | Noticed an oklob plant
 14276 | D:10     | Reached skill level 10 in Dodging
 14487 | D:10     | Reached skill level 12 in Stealth
 14974 | D:10     | Found Qaigikk's Magic Scroll Shop.
 14997 | D:10     | Reached XP level 11. HP: 47/47 MP: 16/25
 15291 | D:10     | Found a blossoming altar of Fedhas.
 15860 | D:10     | Found a basalt altar of Yredelemnul.
 15881 | D:10     | Reached skill level 10 in Spellcasting
 16071 | D:10     | Offered knowledge of Kindle Blastsparks by Vehumet.
 16161 | D:10     | Killed an oklob plant
 16527 | D:11     | Reached skill level 13 in Stealth
 16589 | D:11     | Noticed Urug
 16602 | D:11     | Killed Urug
 16981 | D:11     | Noticed a death yak
 17025 | D:11     | Reached *** piety under Vehumet
 17026 | D:11     | Reached skill level 10 in Conjurations
 17062 | D:11     | Killed a death yak
 17135 | D:11     | Reached skill level 1 in Fighting
 17340 | D:11     | Found Yleruts's Weapon Emporium.
 17340 | D:11     | Found a staircase to the Orcish Mines.
 17340 | D:11     | Found Syruston's Armour Emporium.
 17379 | D:11     | Reached XP level 12. HP: 53/53 MP: 18/27
 17864 | D:12     | Learned a level 4 spell: Olgreb's Toxic Radiance
 17869 | D:12     | Learned a level 4 spell: Flame Wave
 17873 | D:12     | Learned a level 3 spell: Kindle Blastsparks
 18261 | D:12     | Found an ornate altar of the Wu Jian Council.
 18282 | D:12     | Reached skill level 14 in Stealth
 18427 | D:12     | Noticed a two-headed ogre
 18436 | D:12     | Killed a two-headed ogre
 18453 | D:12     | Slain by a slime creature

Illustrated notes

Levels and vault maps discovered:
D:1:      sevenhm_arrival_forest_fort_large_2, layout_loops_ring,
          shapermc_ecumenical_altar_flowoftime, minmay_distorted
D:2:      layout_basic, basic_altar
D:3:      layout_loops_ring, mainiacjoe_overflow_catwalk, dk_noncrumbling_4,
          uniq_sigmund
D:4:      layout_loops_ring, okawaru_altar_gauntlet_db,
          nicolae_ru_path_of_blood, dilly_guarded_unrand_morg, uniq_grinder,
          uniq_eustachio
D:5:      layout_basic, uniq_crazy_yiuf_cottage
D:6:      layout_gridville, minmay_temple_entry_slanted
D:7:      layout_loops_cross, lemuel_doored_altar,
          mainiacjoe_overflow_cross_hatched, eino_tiny_chamber,
          corexii_corridor_pit
D:8:      layout_basic, mainiacjoe_overflow_brackets,
          nicolae_overflow_hidden_temple, jmf_multi_god_temple,
          chequers_serial_rivers_small_3
D:9:      layout_roguey, mainiacjoe_overflow_24_doors, nicolae_fountain_basement
D:10:     layout_layer_cave, nicolae_yredelemnul_corpse_copse,
          fedhas_altar_fruit_tree, dpeg_oklobed_lair, serial_shops,
          nicolae_take_the_stairs, minmay_fractal_squares_5
D:11:     layout_rooms, orc_david_3, serial_ice, serial_ice_l, serial_ice_a,
          serial_ice_g, serial_ice_d, uniq_urug
D:12:     layout_gridville, nzn_wu_jian_contemplation
Temple:   hellmonk_temple_divided_pantheon

Skill      XL: |  1  2  3  4  5  6  7  8  9 10 11 12 |
---------------+-------------------------------------+-----
Conjurations   | 3 4 5 6 7 8 10 | 10.4
Dodging        | 3 4 5 7 9 10 11 12 | 12.0
Spellcasting   | 3 4 5 6 8 9 10 11 | 11.1
Stealth        | 4 5 6 7 8 10 12 13 14 | 14.0
Fighting       | 1 2 |  2.0

Action                   |  1- 3 |  4- 6 |  7- 9 | 10-12 || total
-------------------------+-------+-------+-------+-------++-------
Melee: Unarmed           |    56 |       |       |       ||    56
       Punch             |     1 |       |       |       ||     1
       Dagger            |       |    23 |     2 |       ||    25
       Mace              |       |       |    10 |    26 ||    36
Throw: Dart              |       |       |     4 |       ||     4
 Cast: Magic Dart        |    69 |    81 |    48 |       ||   198
       Searing Ray       |     3 |    19 |    69 |    62 ||   153
       Fulminant Prism   |       |       |    33 |    63 ||    96
       Poisonous Vapours |       |       |    26 |    25 ||    51
       Iskenderun's Myst |       |       |     8 |    56 ||    64
       Mephitic Cloud    |       |       |     4 |     4 ||     8
       Shock             |       |       |     2 |    36 ||    38
       Sting             |       |       |       |     1 ||     1
       Flame Wave        |       |       |       |     6 ||     6
       Kindle Blastspark |       |       |       |     5 ||     5
       Olgreb's Toxic Ra |       |       |       |     2 ||     2
Evoke: Wand              |       |       |       |     4 ||     4
  Use: Potion            |       |     1 |       |     1 ||     2
       Scroll            |       |       |     9 |     5 ||    14
 Stab: Sleeping          |       |     1 |       |       ||     1
Armor: Robe              |    12 |     8 |     8 |       ||    28
       Steam dragon scal |       |       |       |    43 ||    43
Dodge: Dodged            |    59 |    29 |    85 |   144 ||   317

Table legend: (Time is in decaauts)
 A = Elapsed time spent in this place.
 B = Non-inter-level travel time spent in this place.
 C = Inter-level travel time spent in this place.
 D = Time resting spent in this place.
 E = Time spent auto-exploring this place.
 F = Levels seen in this place.
 G = Mean time per level.
                   A        B        C        D        E       F      G
               +--------+--------+--------+--------+--------+-----+--------+
         Total |  14903 |  14382 |    521 |   3260 |   8393 |  13 | 1146.4 |
       Dungeon |  14777 |  14315 |    462 |   3260 |   8367 |  12 | 1231.4 |
        Temple |    126 |     67 |     59 |      0 |     25 |   1 |  126.0 |
               +--------+--------+--------+--------+--------+-----+--------+

Top non-repeatable levels by time:
     D:7: 2087 daAuts
    D:10: 1816 daAuts
     D:6: 1614 daAuts
     D:9: 1279 daAuts
     D:1: 1233 daAuts
     D:5: 1210 daAuts
     D:2: 1102 daAuts
     D:8: 984 daAuts
     D:4: 920 daAuts
    D:11: 865 daAuts
     D:3: 843 daAuts
    D:12: 819 daAuts
  Temple: 126 daAuts
